 Dungeon Crawl Stone Soup version 0.31.0-11-ge490571c62 (webtiles) character file.

Game seed: 3832389243168301113

9 fingers the Grave Robber (level 2, -2/19 HPs)
             Began as a Mummy Necromancer on Feb 1, 2024.
             Slain by a quokka (5 damage)
             ... on level 1 of the Dungeon.
             The game lasted 00:01:10 (341 turns).

fingers the Grave Robber (Mummy Necromancer)         Turns: 341, Time: 00:01:11

Health: -2/19      AC:  2    Str: 11    XL:     2   Next: 6%
Magic:  1/5        EV: 12    Int: 14    God:
Gold:   0          SH:  0    Dex: 12    Spells: 5/6 levels left

rFire   x . .        (no weapon)
rCold   + . .        (no shield)
rNeg    + + +        a - +0 robe
rPois   ∞            (no helmet)
rElec   .            (no cloak)
rCorr   .            (no gloves)
SInv    .            (no boots)
Will    .....        (no amulet)
Stlth   ++           (no ring)
HPRegen 0.23/turn    (no ring)
MPRegen 0.09/turn

%: faith
@: no status effects
A: cold resistance 1, negative energy resistance 3, torment resistance 2, heat
vulnerability 1, in touch with death 1, no potions, faith
a: no special abilities


You were on level 1 of the Dungeon.
You visited 1 branch of the dungeon, and saw 1 of its levels.

Inventory:

Armour
 a - a +0 robe (worn)


   Skills:
 + Level 1.5 Dodging
 - Level 1.5 Stealth
 * Level 2.6 Spellcasting
 * Level 4.5 Necromancy


You had 5 spell levels left.
You knew the following spells:

 Your Spells              Type           Power      Damage    Failure   Level
a - Necrotise             Necr           84%        1d8       3%          1

Your spell library contained the following spells:

 Spells                   Type           Power      Damage    Failure   Level
 Vampiric Draining        Necr           21%        2d7       11%         3
 Animate Dead             Necr           21%        N/A       34%         4
 Curse of Agony           Necr           21%        N/A       67%         5


Dungeon Overview and Level Annotations

Branches:
Dungeon (1/15)

Altars:


Innate Abilities, Weirdness & Mutations

You are immune to poison.
Your flesh is cold resistant. (rC+)
You are immune to negative energy. (rN+++)
You are immune to unholy pain and torment.
You are vulnerable to heat. (rF-)
You are in touch with the powers of death.
You do not drink.
You have a special connection with the divine. (Faith)


Message History

A hobgoblin comes into view.
You see here a scroll labelled JEALUC BOI.
You feel a surge of power!
The giant cockroach writhes in agony.
You feel a surge of power!
The giant cockroach barely resists.
The giant cockroach barely misses you.
You feel a surge of power!
The giant cockroach writhes in agony.
You kill the giant cockroach!
You have reached level 2!
A hobgoblin is nearby!
A gnoll comes into view. It is wielding a +0 flail.
The hobgoblin shouts!
The gnoll shouts!
A quokka comes into view.
You see here a giant cockroach corpse.
You feel a surge of power!
The hobgoblin writhes in agony.
You kill the hobgoblin!
The dead are walking!
The quokka bites your hobgoblin skeleton.
The gnoll hits your hobgoblin skeleton with a +0 flail!
Your hobgoblin skeleton is destroyed!
The quokka barely misses you. The gnoll closely misses you.
You hit the gnoll but do no damage. The quokka barely misses you.
The gnoll hits you with a +0 flail. The quokka bites you.
You see here a giant cockroach corpse.
You feel a surge of power!
The gnoll writhes in agony.
The quokka closely misses you. The gnoll hits you with a +0 flail!
The quokka attacks as it pursues you! The quokka bites you.
* * * LOW HITPOINT WARNING * * *
The quokka attacks as it pursues you! The quokka closely misses you.
The quokka misses you.
The quokka bites you but does no damage.
There is an open door here.
The quokka attacks as it pursues you! The quokka misses you.
The quokka attacks as it pursues you! The quokka barely misses you.
The quokka bites you.
* * * LOW HITPOINT WARNING * * *
The quokka attacks as it pursues you! The quokka misses you.
The quokka attacks as it pursues you! The quokka barely misses you.
The quokka bites you.
You die...

.#####.#### ##.## ######.### #.#
# #......# #.# .# # #.##.#.#
##'#########... # #.##.#.##
##...##........ # #.##....#
##.....#.#####.# # # #.##....##
##........# #.#.#
###.###....####.........####.....
..............+.@r.g....'........
###........####.........##.#.....
# ######..## ##........##.##.###
# #.## ##.....#.......# #.#
##...#####.#### #.# ###+## #.# .#
.....#####.# .. #.....##.#
####.....##.#


You could see a gnoll and a quokka.

Vanquished Creatures
  A bat (D:1)
  3 endoplasms (D:1)
  2 giant cockroaches (D:1)
  A hobgoblin (D:1)
7 creatures vanquished.

Notes
Turn   | Place    | Note
-------+----------+-------------------------------------------
     0 | D:1      | fingers the Mummy Necromancer began the quest for the Orb.
     0 | D:1      | Reached XP level 1. HP: 13/13 MP: 4/4
   313 | D:1      | Reached XP level 2. HP: 19/19 MP: 1/5
   341 | D:1      | Slain by a quokka

Illustrated notes

Levels and vault maps discovered:
D:1:      dpeg_arrival_pits, layout_loops_corners, hangedman_feature_mirror,
          minmay_tromino_v4_b

Action                     || total
---------------------------++-------
  Melee: Unarmed           ||     1
   Cast: Necrotise         ||    16
 Armour: Robe              ||     7
  Dodge: Dodged            ||    12
